Map: Cerulean Fall LE

Players

Wren - Winner!

  • Race: Protoss Protoss
  • Spawn Location: 1:00

A.I. 1 (Elite)

  • Race: Protoss Protoss
  • Spawn Location: 7:00

VOD

Have the link to the VOD?

Description

Summary:

Economic build that can survive most early all-ins. builds 3 early adepts and 2 stalkers out of 2 gateways for defense or scouting and harass. Warp in 3 more stalkers and finish an immortal at 4:00 to counter early timing attacks.

The timings on this build are very crisp when done right. you get warpgate earlier than a standard Nexus > cyber, and more early units, so you are safe from typical roach or warpgate all-ins.

In PvP a 3 gate prism all in hits ~4:30, at which point you can have 1 immortal 3 adept 8 stalkers and two shield batteries vs 11-12 stalkers and prism. You can chrono out your own prism after your immortal for micro, or get second immortal.

Overview of Build Order

15 gate
17 assimilator > rally probes
20 Cyber, Nexus (note cyber first for faster warpgate and adepts!)
21 Pylon, Gateway
22 Assimilator > 2 in each gas
22 Warpgate (chrono), adept
25 Robo
26 2x adepts
31 3rd gateway
32 stalker x2
36 immortal (chrono)
42 pylon at natural + shield battery
46 3x stalkers (~4:00)

transition to any tech you want.

Time

  • Played on: Dec. 18, 2018, 12:26 a.m.
  • Length: 11:31
Show
View Real Time Build Order
Export as new Build Order

Wren Protoss - Winner!

Build Orders: 1 Gate Expand, Zealot Archon 

Get SALT Encoding   

  12  0:01  Probe  
  13  0:13  Probe  
  14  0:17  Pylon  
  14  0:23  Probe  
  15  0:31  Probe  
  15  0:38  Gateway  
  15  0:39  Probe  
  16  0:46  Assimilator  
  17  0:51  Probe  
  18  1:04  Probe  
  19  1:16  Probe  
  20  1:26  Cybernetics Core  
  20  1:34  Nexus  
  20  1:36  Probe  
  21  1:46  Pylon  
  21  1:53  Gateway  
  21  1:56  Probe, Warp Gate  
  22  2:02  Assimilator  
  22  2:10  Adept  
  23  2:17  Probe  
  24  2:31  Robotics Facility  
  24  2:38  Probe  
  24  2:43  Adept  
  27  2:50  Probe  
  28  2:51  Adept  
  28  2:52  Probe  
  31  3:02  Gateway, Probe  
  31  3:05  Probe  
  33  3:12  Stalker  
  35  3:20  Stalker  
  35  3:23  Immortal  
  41  3:36  Probe x2  
  43  3:41  Pylon  
  43  3:49  Probe x2  
  45  4:01  Probe  
  47  4:02  Probe  
  47  4:03  Stalker  
  47  4:04  Stalker  
  47  4:08  Stalker  
  53  4:13  Shield Battery  
  54  4:21  Pylon  
  53  4:26  Pylon  
  53  4:32  Probe  
  54  4:39  Probe  
  54  4:41  Gateway  
  54  4:42  Stalker  
  54  4:43  Gateway  
  57  4:48  Stalker  
  57  4:51  Probe x2  
  61  4:55  Observer  
  62  5:03  Probe  
  62  5:04  Probe  
  62  5:06  Assimilator  
  64  5:08  Assimilator  
  64  5:09  Twilight Council  
  64  5:17  Pylon  
  64  5:20  Immortal  
  68  5:28  Stalker  
  70  5:35  Probe x2  
  72  5:36  Charge  
  72  5:40  Pylon  
  72  5:47  Probe x2  
  74  5:53  Stalker x2  
  78  5:59  Probe x2  
  78  6:00  Pylon  
  78  6:03  Observer  
  81  6:14  Probe x2  
  81  6:16  Stalker  
  85  6:20  Pylon  
  85  6:25  Zealot x2  
  87  6:26  Zealot x2  
  87  6:31  Immortal, Templar Archives  
  93  6:33  Gateway  
  93  6:46  Gateway  
  97  6:52  Gateway  
  97  6:55  Pylon  
  97  7:04  Pylon  
  97  7:06  Warp Prism  
  97  7:10  Zealot  
  97  7:11  Zealot  
  103  7:38  Pylon x2  
  103  7:40  Pylon  
  103  7:50  High Templar x4  
  111  7:54  Archon x2  
  111  7:59  Probe  
  111  8:00  Probe  
  113  8:11  Probe  
  114  8:17  Zealot x2  
  114  8:18  Zealot x2  
  114  8:19  Pylon  
  122  8:21  Pylon  
  122  8:23  Nexus  
  122  8:26  Zealot x3  
  128  8:27  Zealot  
  129  8:43  High Templar x3  
  129  8:44  High Templar  
  129  8:47  Archon x2  
  107  9:12  Zealot  
  107  9:13  Zealot x3  
  115  9:17  High Templar x2  
  115  9:18  High Templar x2  
  123  9:24  Archon x2  
  123  9:34  Zealot x4  
  123  9:37  Probe  
  123  9:38  Probe x2  
  131  9:45  Probe  
  134  9:46  Probe x2  
  137  9:54  Probe  
  137  9:55  Probe  
  137  9:56  Pylon  
  137  9:58  Pylon  
  139  10:08  Zealot x2  
  139  10:09  Zealot x2  
  139  10:10  Zealot x2  
  139  10:11  Zealot x2  
  155  10:24  Assimilator x2  
  155  10:30  Pylon x2  
  155  10:31  Zealot x2  
  155  10:32  Zealot x6  
  171  10:52  High Templar x3  
  171  10:53  High Templar x3  
  171  10:55  Zealot x2  
  187  10:58  Archon x3  
  187  11:22  Zealot x2  
  187  11:25  Zealot x3  
  195  11:26  Zealot  
Show
View Real Time Build Order
Export as new Build Order

A.I. 1 (Elite) Protoss 

Build Orders: Mass Adepts, Zealot Archon 

Get SALT Encoding   

  12  0:00  Probe  
  13  0:13  Probe  
  14  0:20  Pylon  
  14  0:25  Probe  
  15  0:34  Probe  
  15  0:42  Probe  
  16  0:47  Assimilator  
  17  0:51  Gateway, Probe  
  18  0:59  Probe  
  18  1:01  Pylon  
  19  1:07  Probe  
  20  1:19  Probe  
  21  1:37  Zealot  
  23  1:40  Gateway  
  23  1:42  Probe  
  23  1:43  Cybernetics Core  
  24  1:52  Pylon  
  24  1:54  Probe  
  24  1:55  Zealot  
  25  2:06  Probe  
  28  2:18  Probe  
  28  2:21  Warp Gate  
  28  2:22  Adept  
  31  2:27  Adept  
  33  2:33  Gateway  
  33  2:42  Gateway  
  33  2:43  Probe  
  33  2:50  Stalker  
  33  2:51  Stalker  
  37  3:06  Pylon  
  37  3:07  Probe  
  38  3:12  Assimilator  
  38  3:19  Probe  
  39  3:24  Adept  
  39  3:26  Adept  
  43  3:32  Stalker  
  45  3:40  Stalker  
  47  3:48  Pylon  
  47  3:58  Adept  
  47  4:06  Adept x2  
  53  4:11  Adept  
  55  4:18  Pylon  
  55  4:36  Adept  
  57  4:41  Adept, Zealot  
  57  4:45  Zealot  
  63  4:48  Pylon  
  63  5:00  Robotics Facility  
  63  5:06  Adept  
  65  5:11  Adept  
  67  5:16  Adept  
  69  5:22  Adept  
  71  5:33  Pylon  
  71  5:36  Pylon  
  71  5:48  Twilight Council  
  71  5:51  Sentry  
  73  6:29  Templar Archives  
  73  6:33  Nexus  
  73  7:00  Stalker  
  73  7:01  Forge  
  75  7:05  Pylon  
  75  7:07  High Templar x2  
  79  7:14  Archon  
  79  7:26  Forge  
  79  7:29  High Templar  
  81  7:45  Probe x2  
  83  7:55  Assimilator  
  83  7:57  High Templar, Probe  
  83  7:58  Probe  
  87  8:05  Assimilator  
  87  8:09  Observer, Probe  
  87  8:10  Probe  
  90  8:14  Archon, Nexus  
  90  8:22  Probe x2  
  92  8:33  High Templar  
  92  8:34  Probe x2  
  95  8:37  Pylon  
  96  8:42  Zealot x2  
  96  8:46  Probe, Zealot  
  96  8:47  Probe  
  78  8:57  Stalker  
  78  8:58  Probe  
  78  8:59  Probe  
  62  9:02  High Templar  
  62  9:06  Adept, Zealot  
  56  9:10  Probe  
  56  9:16  High Templar  
  53  9:26  Stalker  
  26  9:55  High Templar  
  3  10:58  Nexus  
Tags
 
Add a new tag
Caveats
  • Supply blocks, unpowered buildings, or Contaminate may cause inaccurate times.
  • Supply counts are checked every 10 seconds.